 Dungeon Crawl Stone Soup version 0.15-a0-1656-gb4d1502 (webtiles) character file.

20 Econoterrorist the Insei (level 2, 0/21 HPs)
             Began as a Vine Stalker Transmuter on June 23, 2014.
             Succumbed to an adder's poison
             ... on Level 2 of the Dungeon.
             The game lasted 00:03:11 (687 turns).

Econoterrorist the Insei (Vine Stalker Transmuter)   Turns: 687, Time: 00:03:12

HP   0/21        AC 19     Str 12      XL: 2   Next: 79%
MP   3/5         EV  2     Int 13      God:
Gold 47          SH  0     Dex 14      Spells:  1 memorised,  4 levels left

rFire  . . .     SeeInvis .       - Unarmed
rCold  . . .     Clarity  .     c - melded +0 robe
rNeg   + + +     rCorr    .     (no shield)
rPois  +         rRot     +     (no helmet)
rElec  .         Spirit   +     (cloak currently unavailable)
SustAb .         Warding  .     (gloves currently unavailable)
rMut   .         Stasis   +     (boots currently unavailable)
Gourm  .                        n - amulet of stasis
MR     .....                    (no ring)
                                e - cursed -2 ring of protection

@: lethally poisoned, tree-form, not resistant to hostile enchantments, very
unstealthy
A: (fangs 0), regeneration 1, magic shield, (antimagic bite), no device heal 3,
rot immunity
a: no special abilities


You were on level 2 of the Dungeon.
You were not hungry.
You were an animated tree.
You visited 1 branch of the dungeon, and saw 2 of its levels.

You collected 47 gold pieces.

Inventory:

Missiles
 b - 12 arrows
Armour
 c - a +0 robe (melded)
Comestibles
 a - a bread ration
 h - a beef jerky
 i - a meat ration
Scrolls
 f - 2 scrolls of random uselessness {unknown}
 g - a scroll of remove curse {unknown}
 j - a scroll of identify {unknown}
 k - a scroll of enchant armour {unknown}
 l - a scroll of teleportation {unknown}
 m - a scroll of fear {unknown}
Jewellery
 e - a cursed -2 ring of protection (left branch)
 n - an amulet of stasis (around neck)
Potions
 p - a potion of porridge
Books
 d - a book of Changes

   Spells                             Type                      Level
   *Beastly Appendage                 Transmutation                1
   Sticks to Snakes                   Transmutation                2
   Spider Form                        Transmutation/Poison         3
   Ice Form                           Ice/Transmutation            4
   Blade Hands                        Transmutation                5


   Skills:
 - Level 0.8 Fighting
 - Level 1.5 Dodging
 + Level 4.0 Unarmed Combat
 - Level 2.1 Spellcasting
 - Level 2.0 Transmutations


You had 4 spell levels left.
You knew the following spells:

 Your Spells              Type           Power        Failure   Level  Hunger
a - Beastly Appendage     Trmt           #.....       12%         1    ##.....


Dungeon Overview and Level Annotations

Branches:
Dungeon (2/15)

Altars:


Innate Abilities, Weirdness & Mutations

((You have extremely sharp teeth.))*
Your natural rate of healing is unusually fast.
When hurt, damage is shared between your health and your magic reserves.
((Your bite disrupts and absorbs the magic of your enemies.))*
Potions and wands cannot restore your health.
You are immune to rotting.


Message History

Your roots penetrate the ground.
It was a potion of lignification.
* * * LOW HITPOINT WARNING * * *
You feel sick.
There is a lethal amount of poison in your body!
There is a lethal amount of poison in your body!
There is a lethal amount of poison in your body!
* * * LOW HITPOINT WARNING * * *
You feel sick.
* * * LOW HITPOINT WARNING * * *
You feel sick.
Drink which item? (? for menu, Esc to quit)
Okay, then.
Put on which piece of jewellery? (? for menu, Esc to quit)
Oops, that ring feels deathly cold.
e - a cursed -2 ring of protection (left branch) Put on which piece of jewellery? (? for menu, Esc to quit)
You feel strangely static.
n - an amulet of stasis (around neck) Unknown command.
You die...

.. ... .....
#..... #.#...###
........# .
.........#####..#
."......%)......#.
.###...##♣......!.
#.. #.#######. ##
#.# #.# #.# #..
... ... ...


There were no monsters in sight!

Vanquished Creatures
  An adder (D:2)
  3 goblins (D:1)
  2 hobgoblins (D:1)
  2 kobolds
  A giant newt (D:1)
  3 rats (D:1)
12 creatures vanquished.

Notes
Turn   | Place    | Note
--------------------------------------------------------------
     0 | D:1      | Econoterrorist, the Vine Stalker Transmuter, began the quest for the Orb.
     0 | D:1      | Reached XP level 1. HP: 9/9 MP: 3/3
   483 | D:1      | Reached XP level 2. HP: 10/14 MP: 3/5
   680 | D:2      | Reached skill level 4 in Unarmed Combat
   684 | D:2      | HP: 1/21 [poisoned by an adder]
   687 | D:2      | Succumbed to an adder's poison

Action                   || total
-------------------------++-------
Melee: Unarmed           ||    36
 Cast: Beastly Appendage ||     1
  Use: Potion            ||     1
